 Dungeon Crawl Stone Soup version 0.25-a0-890-g62861fb (webtiles) character file.

Game seed: 1269481856637823344, levelgen mode: deterministic

25 BlueFish the Insei (level 3, 0/23 HPs)
             Began as an Octopode Transmuter on May 6, 2020.
             Slain by a centaur (2 damage)
             ... on level 2 of the Dungeon.
             The game lasted 00:02:50 (868 turns).

BlueFish the Insei (Octopode Transmuter)             Turns: 868, Time: 00:02:50

Health: 0/23       AC:  1    Str: 10    XL:     3   Next: 4%
Magic:  5/6        EV: 13    Int: 15    God:
Gold:   43         SH:  0    Dex: 12    Spells: 3/6 levels left

rFire    . . .     SeeInvis .     - Unarmed
rCold    . . .     Gourm    .   (no shield)
rNeg     . . .     Faith    .   (helmet restricted)
rPois    .         Spirit   .   (no amulet)
rElec    .         Reflect  .   (no ring)
rCorr    .         Harm     .   (no ring)
MR       .....                  (no ring)
Stlth    ++........             (no ring)
HPRegen  0.07/turn              (no ring)
MPRegen  0.10/turn              (no ring)
                                (no ring)
                                (no ring)

@: appendage
A: almost no armour, stealthy swim, amphibious, 8 rings, constrict 8, tentacle
spike 3, camouflage 1, gelatinous body 1
a: End Transformation


You were on level 2 of the Dungeon.
You were not hungry.
One of your tentacles had a temporary spike.
You visited 1 branch of the dungeon, and saw 2 of its levels.

You collected 43 gold pieces.

Inventory:

Missiles
 a - 12 arrows
 b - 50 stones (quivered)
Scrolls
 d - 3 scrolls of teleportation
 i - 2 scrolls of fear
 j - a scroll of amnesia
 k - a scroll of identify
Potions
 e - a potion of haste
 f - a potion of cancellation {unknown}
 h - a potion of curing {unknown}
Comestibles
 c - 4 rations
 g - 2 chunks of flesh


   Skills:
 + Level 1.0 Fighting
 + Level 2.3 Dodging
 + Level 0.4 Stealth
 + Level 3.3 Unarmed Combat
 + Level 2.3 Spellcasting
 + Level 2.4 Transmutations


You had 3 spell levels left.
You knew the following spells:

 Your Spells              Type           Power        Failure   Level  Hunger
a - Beastly Appendage     Tmut           #.....       9%          1    #......
b - Sticks to Snakes      Tmut           #.......     12%         2    ###....

Your spell library contained the following spells:

 Spells                   Type           Power        Failure   Level  Hunger
 Spider Form              Tmut/Pois      #.........   36%         3    ###....
 Ice Form                 Ice/Tmut       #.......     78%         4    #####..
 Blade Hands              Tmut           #.........   92%         5    ######.


Dungeon Overview and Level Annotations

Branches:
Dungeon (2/15)

Altars:
Uskayaw


Innate Abilities, Weirdness & Mutations

You cannot wear most types of armour.
You are very stealthy in the water. (Stealth+)
You are amphibious.
You can wear up to eight rings at the same time.
You can use your tentacles to constrict eight enemies at once.
Your skin changes colour to match your surroundings (Stealth+).
Your rubbery body absorbs attacks. (AC +1, EV +1)
One of your tentacles bears a large vicious spike.


Message History

Casting: Beastly Appendage (safe; 9% risk of failure)
Confirm with . or Enter, or press ? or * to list all spells.
One of your tentacles grows a vicious spike.
The centaur shouts!
A ball python comes into view.
The centaur wields a +0 shortbow.
The centaur shoots an arrow.
The arrow hits you!
Ouch! That really hurt!
The centaur shoots an arrow.
The arrow barely misses you.
A rat comes into view.
The centaur unwields a +0 shortbow.
The centaur closely misses you.
You tentacle-slap the centaur but do no damage.
The centaur hits you.
* * * LOW HITPOINT WARNING * * *
Okay, then.
Okay, then.
You tentacle-slap the centaur.
You pierce the centaur.
The centaur is moderately wounded.
The centaur barely misses you. The centaur hits you.
You die...

....#.
.....................
...##
....................
..#
...................
...
##..................
#..#................
#....##..#.#........
#..#.#..##..........
#.#..%..#...#.......
#.c@.....(.##.####..
#..#S#####.##.# .#
##...#(..#..[.#
#r...#(..#..###
#.....#####..#
............##
....>...._...#
...............


You could see a centaur, 2 dancing weapons, a ball python and a rat.

Vanquished Creatures
  A dart slug (D:1)
  5 bats (D:1)
  A goblin (D:1)
  4 hobgoblins (D:1)
  2 jackals (D:1)
  6 kobolds
  A rat (D:2)
20 creatures vanquished.

Notes
Turn   | Place    | Note
-------+----------+-------------------------------------------
     0 | D:1      | BlueFish the Octopode Transmuter began the quest for the
                  | Orb.
     0 | D:1      | Reached XP level 1. HP: 13/13 MP: 3/3
    86 | D:1      | Reached XP level 2. HP: 17/18 MP: 5/5
    98 | D:1      | Learned a level 2 spell: Sticks to Snakes
   809 | D:2      | Reached XP level 3. HP: 23/23 MP: 4/6
   853 | D:2      | Noticed a +0 hand axe
   853 | D:2      | Noticed a +0 hand axe
   858 | D:2      | Found a hide-covered altar of Uskayaw.
   860 | D:2      | Noticed a centaur
   868 | D:2      | Slain by a centaur

Levels and vault maps discovered:
D:1:      beargit_arrival_greenhouse, layout_basic, hangedman_decor_riveting,
          chequers_big_river, minmay_misc_feat_secret_circle,
          minmay_fountain_box
D:2:      layout_rooms, led_sif_pool, dancing_weapons_uskayaw, bloody_makhleb

Action                   || total
-------------------------++-------
Melee: Unarmed           ||    40
       Constrict         ||    12
       Kick              ||    10
       Tentacles         ||     8
 Cast: Beastly Appendage ||    12
  Use: Scroll            ||     5
 Stab: Sleeping          ||     2
Armor: Skin              ||    10
Dodge: Dodged            ||    28

Table legend:
 A = Non-vault XP
 B = Vault XP
 C = Vault XP percentage of total XP
 D = Non-vault monster count
 E = Vault monster count
 F = Vault count percentage of total count
                 A         B        C        D         E       F
            +---------+---------+-------+---------+---------+-------
      Total |      36 |       0 |   0.0 |      20 |       0 |   0.0
            +---------+---------+-------+---------+---------+-------
        D:1 |      31 |       0 |   0.0 |      16 |       0 |   0.0
        D:2 |       5 |       0 |   0.0 |       4 |       0 |   0.0
            +---------+---------+-------+---------+---------+-------
